 Dungeon Crawl Stone Soup version 0.26-a0-651-gb41185065b (webtiles) character file.

Game seed: 5892968918443001273

17796 Mesmaeker13 the Basher (level 12, -3/111 HPs)
             Began as a Troll Gladiator on Oct 13, 2020.
             Was an Elder of Ru.
             Slain by Urug
             ... wielding a +3 eveningstar of holy wrath
              (31 damage)
             ... on level 2 of the Lair of Beasts.
             The game lasted 00:26:45 (14107 turns).

Mesmaeker13 the Basher (Troll Gladiator)           Turns: 14107, Time: 00:26:46

Health: -3/111     AC: 11    Str: 27    XL:     12   Next: 22%
Magic:  9/11       EV: 13    Int:  6    God:    Ru [****..]
Gold:   506        SH:  5    Dex: 13    Spells: 11/11 levels left

rFire    . . .     SeeInvis +   d - +0 giant spiked club
rCold    + + .     Faith    .   (shield currently unavailable)
rNeg     . . .     Spirit   .   p - +0 troll leather armour
rPois    +         Reflect  +   c - +0 hat
rElec    .         Harm     .   E - +1 cloak "Doryipakk" {rC+ Int+2 SInv}
rCorr    .         Rampage  .   (gloves unavailable)
MR       .....                  (boots unavailable)
Stlth    +.........             I - amulet of reflection
HPRegen  1.08/turn              m - ring of poison resistance
MPRegen  0.12/turn              n - ring of protection from cold

@: no status effects
A: large, unfitting armour, claws 3, frail 1, regeneration 1, shaggy fur 1,
tough skin 3, hated by all, magic vulnerability 1
a: Draw Out Power, Power Leap, Renounce Religion


You were on level 2 of the Lair of Beasts.
You worshipped Ru.
Ru was greatly pleased with you.
You visited 2 branches of the dungeon, and saw 12 of its levels.
You also visited: Ossuary.

You collected 686 gold pieces.
You spent 180 gold pieces at shops.

Inventory:

Hand Weapons
 d - a +0 giant spiked club (weapon)
 i - a +2 morningstar
 F - a +3 hunting sling of flaming
Missiles
 G - 111 sling bullets
 K - a throwing net
 L - a large rock (quivered)
Armour
 c - a +0 hat (worn)
 p - a +0 troll leather armour (worn)
 E - the +1 cloak "Doryipakk" (worn) {rC+ Int+2 SInv}
   (You bought it in a shop on level 6 of the Dungeon)

   It affects your intelligence (+2).
   It protects you from cold.
   It lets you see invisible.
Jewellery
 j - an uncursed ring of flight
 m - a ring of poison resistance (left claw)
 n - a ring of protection from cold (right claw)
 I - an amulet of reflection (around neck)
Wands
 b - a wand of digging (2)
 q - a wand of iceblast (13)
 H - a wand of flame (14)
Scrolls
 a - 3 scrolls of immolation
 e - 5 scrolls of teleportation
 g - 8 scrolls of remove curse
 k - a scroll of enchant weapon {unknown}
 u - 2 scrolls of noise
 v - a scroll of vulnerability
 x - 4 scrolls of enchant armour
 y - a scroll of magic mapping
 B - 7 scrolls of blinking
 C - 2 scrolls of fog
 D - a scroll of amnesia
 J - a scroll of fear
Potions
 f - 2 potions of curing
 h - 4 potions of brilliance
 l - a potion of lignification
 o - a potion of resistance
 r - 3 potions of haste
 s - 2 potions of might {unknown}
 t - 3 potions of heal wounds
 w - a potion of invisibility {unknown}
 z - 4 potions of flight
 A - 4 potions of stabbing


   Skills:
 + Level 9.6 Fighting
 + Level 10.6 Maces & Flails
 - Level 6.0 Throwing
 + Level 6.3 Armour
 - Level 7.3 Dodging


You had 11 spell levels left.
You didn't know any spells.
Your spell library contained the following spells:

 Spells                   Type           Power        Failure   Level
 Sandblast                Erth           #.....       50%         1
 Shock                    Conj/Air       #...         50%         1
 Corpse Rot               Necr/Air       N/A          63%         2
 Passwall                 Tmut/Erth      #.......     63%         2
 Sublimation of Blood     Necr           #.........   63%         2
 Swiftness                Air            #.......     63%         2
 Static Discharge         Conj/Air       #.......     86%         3
 Stone Arrow              Conj/Erth      #.....       86%         3
 Airstrike                Air            #.........   99%         4
 Dispel Undead            Necr           #.......     99%         4
 Petrify                  Tmut/Erth      #.......     99%         4
 Agony                    Necr           #.......     100%        5
 Excruciating Wounds      Necr           #.........   100%        5
 Lee's Rapid Deconstruct  Erth           #.........   100%        5
 Lightning Bolt           Conj/Air       #.........   100%        5


Dungeon Overview and Level Annotations

Branches:
Dungeon (10/15)            Temple (0/1) D:5            Lair (2/6) D:10
    Orc (0/2) D:9         Ossuary (visited)
  Swamp: Lair:2-4    Shoals: Lair:2-4     Snake: Lair:2-4    Spider: Lair:2-4

Altars:
Kikubaaqudgha
Makhleb
Qazlal
Ru
Wu Jian
Xom
Zin
The Shining One

Shops:
D:5 =   D:6 [:(([

Annotations:
Lair:2 Urug


Innate Abilities, Weirdness & Mutations

You are too large for most types of armour.
You have claws for hands.
You are frail. (-10% HP)
Your natural rate of healing is unusually fast.
You are covered in fur. (AC +1)
You have extremely tough skin. (AC +3)
You are hated by all.
You are slightly vulnerable to magic. (MR-)


Message History

You hit Urug but do no damage.
Urug is severely wounded.
You block Urug's attack.
You closely miss Urug.
Urug is severely wounded.
Urug misses you.
You closely miss Urug.
Urug is severely wounded.
Urug hits you but does no damage.
You closely miss Urug.
Urug is severely wounded.
You feel less exhausted.
Urug hits you with a +3 eveningstar of holy wrath!
* * * LOW HITPOINT WARNING * * *
You focus your will and blind Urug in retribution!
Unknown command.
You puncture Urug!
Urug is almost dead.
Urug hits you with a +3 eveningstar of holy wrath!!
You die...

## .## .... ..# .... ..#
############ .....
..####.##.#.##..###.....
.....(..................
........................
........................
................@o......
............[...........
........................
♣.......................
♣.........(.............
♣[#..#.#..######.###.#.#
♣########## ### ## #


You could see Urug (blind).

Vanquished Creatures
  A hydra (Lair:2)
  A queen ant (Lair:2)
  Pikel (D:6)
  A necromancer (D:9)
  Joseph (D:9)
  2 cane toads (Lair:2)
  A black mamba (Lair:2)
  A komodo dragon (Lair:2)
  A troll (D:9)
  A polar bear (Lair:2)
  2 hornets
  3 hippogriffs
  4 blink frogs (Lair:2)
  A wraith (D:10)
  20 yaks
  A wyvern (D:10)
  3 basilisks
  A warg (Lair:1)
  7 soldier ants (Lair:2)
  5 water moccasins
  5 porcupines
  3 orc warriors
  2 ice beasts
  2 phantoms (D:5)
  3 sky beasts
  4 black bears (D:10)
  4 ogres
  6 wolves
  2 centaurs
  5 crocodiles
  A wyvern zombie (D:6)
  8 bullfrogs
  A scorpion (D:10)
  5 killer bees (D:9)
  17 wights
  4 howler monkeys (D:10)
  A centaur zombie (D:10)
  A bullfrog zombie (D:6)
  5 jellies
  4 orc priests
  6 hounds
  9 orc wizards
  A bullfrog skeleton (D:5)
  3 centaur skeletons
  A gnoll shaman (D:6)
  5 iguanas
  Terence (D:3)
  22 worker ants
  3 polar bear simulacra (D:9)
  2 yak simulacra (D:9)
  3 wolf simulacra (D:9)
  8 big kobold zombies (Ossuary)
  A mummy (Ossuary)
  A howler monkey zombie (D:5)
  A worker ant zombie (D:10)
  Robin (D:4)
  6 adders
  13 gnolls
  A howler monkey skeleton (D:10)
  2 shadow imps
  3 white imps
  3 ufetubi
  3 oozes
  An adder skeleton (D:8)
  3 worms
  A dart slug (D:1)
  4 leopard geckos
  40 orcs
  3 spectral bats (Ossuary)
  8 bats
  5 giant cockroaches
  4 gnoll zombies (Ossuary)
  12 goblins
  10 hobgoblins
  5 jackals
  2 kobolds (D:1)
  6 quokkas
  2 bat simulacra (Ossuary)
  6 frilled lizards
  A goblin simulacrum (Ossuary)
  3 goblin zombies (Ossuary)
  4 hobgoblin zombies (Ossuary)
  A kobold simulacrum (Ossuary)
  4 kobold zombies (Ossuary)
  7 orc zombies (Ossuary)
  4 rats
  6 rat simulacra (Ossuary)
  3 river rat simulacra (D:9)
  4 spectral goblins (Ossuary)
  3 spectral kobolds (Ossuary)
  5 spectral rats (Ossuary)
397 creatures vanquished.

Vanquished Creatures (others)
  A killer bee (D:9)
  2 goblin simulacra (Ossuary)
  A kobold simulacrum (Ossuary)
  A rat simulacrum (Ossuary)
  5 fungi
  33 plants
43 creatures vanquished.

Grand Total: 440 creatures vanquished

Notes
Turn   | Place    | Note
-------+----------+-------------------------------------------
     0 | D:1      | Mesmaeker13 the Troll Gladiator began the quest for the
                  | Orb.
     0 | D:1      | Reached XP level 1. HP: 19/19 MP: 0/0
   125 | D:1      | Reached XP level 2. HP: 28/28 MP: 1/1
   294 | D:1      | Reached skill level 3 in Maces & Flails
   435 | D:1      | You fall into a shaft and drop 1 floor!
   450 | D:2      | Reached XP level 3. HP: 20/35 MP: 2/2
  1399 | D:2      | Reached XP level 4. HP: 36/42 MP: 3/3
  1881 | D:3      | Noticed Terence
  1885 | D:3      | Killed Terence
  2305 | D:4      | Reached XP level 5. HP: 50/50 MP: 4/4
  2325 | D:4      | Noticed an ogre
  2328 | D:4      | Killed an ogre
  2483 | D:4      | Found a sand-covered staircase.
  2488 | Ossuary  | Entered an ossuary
  2512 | Ossuary  | Reached XP level 6. HP: 59/59 MP: 5/5
  2677 | Ossuary  | Reached skill level 4 in Maces & Flails
  3194 | D:4      | Noticed Robin
  3255 | D:4      | Killed Robin
  3597 | D:4      | Reached XP level 7. HP: 60/67 MP: 6/6
  3624 | D:4      | Found a sacrificial altar of Ru.
  3824 | D:4      | Became a worshipper of Ru the Awakened
  3837 | D:5      | Entered Level 5 of the Dungeon
  4158 | D:5      | Found Fazej's Jewellery Emporium.
  4585 | D:5      | Reached skill level 5 in Maces & Flails
  4585 | D:5      | Reached XP level 8. HP: 37/78 MP: 7/7
  4703 | D:5      | Found an ornate altar of the Wu Jian Council.
  4783 | D:5      | Found a staircase to the Ecumenical Temple.
  5188 | D:6      | Gained mutation: You are hated by all. [Ru sacrifice]
  5188 | D:6      | Reached * piety under Ru
  5410 | D:6      | Found Teenael's Book Emporium.
  5466 | D:6      | Noticed Pikel
  5619 | D:6      | Reached skill level 5 in Throwing
  5619 | D:6      | Reached skill level 5 in Dodging
  5644 | D:6      | Killed Pikel
  5644 | D:6      | Reached skill level 5 in Fighting
  5737 | D:6      | Found Asuareott's Weapon Shoppe.
  5937 | D:6      | Reached skill level 6 in Maces & Flails
  5937 | D:6      | Reached XP level 9. HP: 88/88 MP: 8/8
  6144 | D:6      | Found Nuowaz's Antique Armour Shop.
  6455 | D:6      | Found Ebe Nuda's Weapon Shop.
  6540 | D:6      | Found Wieh's Antique Armour Emporium.
  6548 | D:6      | Bought a brightly glowing cloak for 180 gold pieces
  6554 | D:6      | Identified the +1 cloak "Doryipakk" {rC+ Int+2 SInv} (You
                  | bought it in a shop on level 6 of the Dungeon)
  7071 | D:7      | You fall into a shaft and drop 2 floors!
  7094 | D:9      | Paralysed by a hornet for 3 turns
  7579 | D:8      | Reached skill level 7 in Maces & Flails
  7593 | D:8      | Gained mutation: You are slightly vulnerable to magic.
                  | (MR-) [Ru sacrifice]
  7593 | D:8      | Reached ** piety under Ru
  8171 | D:7      | Found a shimmering altar of Xom.
  8171 | D:7      | Found a glowing silver altar of Zin.
  8173 | D:7      | Found a burning altar of Makhleb.
  8250 | D:7      | Reached XP level 10. HP: 68/100 MP: 9/9
  8406 | D:7      | Found a stormy altar of Qazlal.
  9190 | D:9      | Found a glowing golden altar of the Shining One.
  9255 | D:9      | Noticed a necromancer
  9265 | D:9      | Killed a necromancer
  9665 | D:9      | Found a staircase to the Orcish Mines.
  9675 | D:9      | Reached skill level 8 in Maces & Flails
  9913 | D:9      | Reached skill level 1 in Armour
 10130 | D:9      | Noticed Joseph
 10139 | D:9      | Killed Joseph
 10210 | D:9      | Found an ancient bone altar of Kikubaaqudgha.
 10598 | D:10     | Entered Level 10 of the Dungeon
 10986 | D:10     | Reached XP level 11. HP: 111/111 MP: 10/10
 11056 | D:10     | Reached skill level 9 in Maces & Flails
 11164 | D:10     | Found a staircase to the Lair.
 11665 | Lair:1   | Entered Level 1 of the Lair of Beasts
 12677 | Lair:1   | Gained mutation: You are frail. (-10% HP) [Ru sacrifice]
 12677 | Lair:1   | Reached *** piety under Ru
 12677 | Lair:1   | Reached **** piety under Ru
 13379 | Lair:2   | Reached skill level 5 in Armour
 13447 | Lair:2   | Noticed a queen ant
 13464 | Lair:2   | Killed a queen ant
 13464 | Lair:2   | Reached skill level 10 in Maces & Flails
 13718 | Lair:2   | Noticed an eight-headed hydra
 13724 | Lair:2   | Killed an eight-headed hydra
 13736 | Lair:2   | Reached XP level 12. HP: 78/110 MP: 11/11
 14085 | Lair:2   | Noticed Urug
 14107 | Lair:2   | Slain by Urug

Illustrated notes

Levels and vault maps discovered:
D:1:      eino_arrival_cavern_b, layout_basic
D:2:      layout_basic
D:3:      layout_loops_ring, uniq_terence
D:4:      layout_rooms, enter_ossuary_2, kennysheep_flooded_box,
          serial_bayou_pond_a, uniq_robin
D:5:      layout_loops_corners, kennysheep_mini,
          minmay_temple_entry_butterflies, serial_shops, nicolae_shop_stone,
          minmay_checkerbox
D:6:      layout_cave_pods, serial_shops, shop, nicolae_shop_waterfront, shop,
          shop_statue, shop, uniq_pikel
D:7:      layout_loops_ring, nicolae_overflow_quartered_altars
D:8:      layout_basic
D:9:      layout_basic, nicolae_tso_swordbearing_angel,
          kiku_gazebo_garden_becter, orc_0_dummy, serial_curves, eino_curves_02,
          eino_curves_01, eino_curves_02, eino_house_with_fridge, uniq_joseph
D:10:     layout_loops_cross, minmay_lair_entry_grove
Lair:1:   beast_lair_carwin_large_2, layout_gridlike
Lair:2:   layout_big_grid, minmay_another_anthill, serial_bayou_shore_a,
          uniq_urug

Skill      XL: |  1  2  3  4  5  6  7  8  9 10 11 12 |
---------------+-------------------------------------+-----
Throwing       | 2 3 4 5 6 |  6.0
Maces & Flails | 3 4 5 6 7 8 10 | 10.6
Fighting       | 2 3 4 5 6 7 9 |  9.6
Dodging        | 3 4 5 6 7 |  7.3
Armour         | 3 5 6 |  6.3

Action                   |  1- 3 |  4- 6 |  7- 9 | 10-12 || total
-------------------------+-------+-------+-------+-------++-------
Melee: Flail             |   118 |   299 |     5 |       ||   422
       Giant club        |       |       |   202 |       ||   202
       Giant spiked club |       |       |   205 |   648 ||   853
Throw: Throwing net      |     1 |       |     2 |     1 ||     4
       Large rock        |       |     7 |    10 |     7 ||    24
Invok: Sacrifice Love    |       |       |     1 |       ||     1
       Sacrifice Essence |       |       |     1 |       ||     1
       Draw Out Power    |       |       |       |     1 ||     1
       Sacrifice Health  |       |       |       |     1 ||     1
       Power Leap        |       |       |       |     2 ||     2
Evoke: Wand              |       |       |       |     3 ||     3
  Use: Scroll            |     1 |     3 |     8 |    13 ||    25
       Potion            |       |       |     6 |     1 ||     7
 Stab: Sleeping          |     2 |     3 |       |     1 ||     6
       Distracted        |       |     1 |     1 |     2 ||     4
       Invisible         |       |       |       |     5 ||     5
Armor: Robe              |    66 |   121 |   180 |    47 ||   414
       Troll leather arm |       |       |       |   208 ||   208
Dodge: Dodged            |    68 |   166 |   338 |   495 ||  1067
Block: Other             |       |       |       |    66 ||    66

Table legend: (Time is in decaauts)
 A = Elapsed time spent in this place.
 B = Non-inter-level travel time spent in this place.
 C = Inter-level travel time spent in this place.
 D = Time resting spent in this place.
 E = Time spent auto-exploring this place.
 F = Levels seen in this place.
 G = Mean time per level.
                   A        B        C        D        E       F      G
               +--------+--------+--------+--------+--------+-----+--------+
         Total |  14652 |  14002 |    650 |   3551 |   6724 |  13 | 1127.1 |
       Dungeon |  11841 |  11211 |    630 |   2910 |   5692 |  10 | 1184.1 |
          Lair |   2162 |   2142 |     20 |    563 |    812 |   2 | 1081.0 |
       Ossuary |    649 |    649 |      0 |     78 |    220 |   1 |  649.0 |
               +--------+--------+--------+--------+--------+-----+--------+

Top non-repeatable levels by time:
     D:9: 1840 daAuts
     D:6: 1745 daAuts
     D:7: 1395 daAuts
     D:5: 1359 daAuts
    D:10: 1220 daAuts
  Lair:2: 1111 daAuts
     D:1: 1057 daAuts
  Lair:1: 1050 daAuts
     D:8: 988 daAuts
     D:4: 948 daAuts
     D:2: 736 daAuts
 Ossuary: 649 daAuts
     D:3: 549 daAuts
